 Dungeon Crawl Stone Soup version 0.30-a0-860-g512cf1e979 (webtiles) character file.

Game seed: 12551567171998933747

2956 Hubris850 the Conjurer (level 9, -2/62 HPs)
             Began as a Black Draconian Earth Elementalist on Mar 7, 2023.
             Was an Initiate of Ashenzari.
             Succumbed to a water moccasin's poison
             ... on level 9 of the Dungeon.
             The game lasted 00:31:35 (8005 turns).

Hubris850 the Conjurer (DrEE)                       Turns: 8005, Time: 00:31:36

Health: -2/62      AC:  9    Str:  8 (11) XL:     9   Next: 52%
Magic:  18/18      EV: 12    Int: 19 (20) God:    Ashenzari [......]
Gold:   339        SH:  4    Dex: 10 (11) Spells: 5/20 levels left

rFire   + . .      SeeInvis .    N - +1 demon whip (venom)
rCold   . . .      Faith    .    M - +0 buckler
rNeg    . . .      Spirit   .    (body armour unavailable)
rPois   .          Reflect  .    (helmet restricted)
rElec   +          Rampage  .    B - +0 cloak
rCorr   .                        (no gloves)
Will    .....                    x - +0 pair of boots of Supernal Knowledge {Elem, Fort} (curse)
Stlth   ++                       p - amulet of magic regeneration
HPRegen 0.30/turn                s - ring of Esmetse {rElec rF+}
MPRegen 0.56/turn                C - ring of wizardry

@: mighty, lethally poisoned (-2 -> -10)
A: breathe lightning, AC +7, unfitting armour, electricity resistance,
cold-blooded
a: Breathe Lightning, Renounce Religion, Curse Item, Shatter the Chains


You were on level 9 of the Dungeon.
You worshipped Ashenzari.
Ashenzari was noncommittal.
You visited 2 branches of the dungeon, and saw 10 of its levels.

You collected 339 gold pieces.

Inventory:

Hand Weapons
 c - a +0 club
 e - a +0 dagger
 g - a +0 short sword
 i - a +0 vampiric short sword
 m - a +0 battleaxe
 N - a +1 demon whip of venom (weapon)
Missiles
 l - 12 poisoned darts
Armour
 x - the cursed +0 pair of boots of Supernal Knowledge (worn) {Elem, Fort}
   (You found it on level 3 of the Dungeon)

   It has a curse which improves the following skills: Elements: Fire Magic, Ice
   Magic, Air Magic and Earth Magic.
   Fortitude: Shields.
 B - a +0 cloak (worn)
 J - a +1 pair of boots
 M - a +0 buckler (worn)
Jewellery
 p - an amulet of magic regeneration (around neck)
 s - the ring of Esmetse (left hand) {rElec rF+}
   (You found it on level 3 of the Dungeon)

   [ring of protection from fire]

   rF:        It protects you from fire.
   rElec:     It insulates you from electricity.
 C - a ring of wizardry (right hand)
 I - a ring of see invisible
Wands
 H - a wand of mindburst (9)
Scrolls
 f - 2 scrolls of brand weapon {unknown}
 h - 9 scrolls of identify {unknown}
 k - 2 scrolls of noise {unknown}
 o - a scroll of vulnerability {unknown}
 r - a scroll of torment {unknown}
 t - 2 scrolls of teleportation {unknown}
 y - a scroll of blinking {unknown}
 z - a scroll of magic mapping {unknown}
 D - a scroll of amnesia {unknown}
 F - a scroll of enchant armour {unknown}
 K - a scroll of poison {unknown}
 L - 2 scrolls of fear {unknown}
Potions
 a - 3 potions of attraction {unknown}
 b - 5 potions of curing {unknown}
 d - 5 potions of degeneration
 j - 2 potions of flight {unknown}
 n - a potion of resistance {unknown}
 q - 3 potions of lignification {unknown}
 u - 3 potions of might
 w - a potion of mutation {unknown}
 A - a potion of brilliance {unknown}
 E - a potion of berserk rage {unknown}
 G - a potion of haste {unknown}


   Skills:
 + Level 0.0 Fighting
 + Level 0.0 Maces & Flails
 - Level 3.5 Dodging
 - Level 3.0 Stealth
 - Level 3.5(4.0) Shields
 - Level 6.0 Spellcasting
 - Level 7.0 Conjurations
 - Level 3.0 Transmutations
 - Level 3.0(3.4) Air Magic
 - Level 4.9(5.4) Earth Magic
 - Level 3.0 Poison Magic


You had 5 spell levels left.
You knew the following spells:

 Your Spells              Type           Power      Damage    Failure   Level
a - Sandblast             Erth           52%        2d12      1%          1
b - Passwall              Tmut/Erth      17%        N/A       1%          2
c - Stone Arrow           Conj/Erth      58%        3d10      1%          3
d - Poisonous Vapours     Pois/Air       34%        N/A       2%          2
e - Mephitic Cloud        Conj/Pois/Air  22%        N/A       2%          3
f - Petrify               Tmut/Erth      21%        N/A       11%         4

Your spell library contained the following spells:

 Spells                   Type           Power      Damage    Failure   Level
 Wereblood                Tmut           17%        N/A       2%          2
 Cigotuvi's Dreadful Rot  Necr/Pois/Air  26%        N/A       3%          2
 Necrotise                Necr           20%        1d5       6%          1
 Sublimation of Blood     Necr           5%         N/A       9%          2
 Ozocubu's Armour         Ice            5%         N/A       16%         3
 Vampiric Draining        Necr           5%         2d6       16%         3
 Agony                    Necr           5%         N/A       80%         5
 Ozocubu's Refrigeration  Ice            2%         4d8       100%        7
 Summon Hydra             Summ           2%         N/A       100%        7


Dungeon Overview and Level Annotations

Branches:
Dungeon (9/15)             Temple (1/1) D:5            Lair (0/5) D:8
    Orc: D:9-12

Altars:
Ashenzari
Cheibriados
Dithmenos
Fedhas
Gozag
Hepliaklqana
Makhleb
Nemelex Xobeh
Okawaru
Qazlal
Ru
Trog
Uskayaw
Vehumet
Xom
Yredelemnul

Shops:
D:4 =

Annotations:
D:8 Maggie


Innate Abilities, Weirdness & Mutations

You can breathe wild blasts of lightning.
Your glossy black scales are hard. (AC +7)
You cannot fit into any form of body armour.
You are resistant to electric shocks. (rElec)
You are cold-blooded and may be slowed by cold attacks.


Message History

You feel very sick.
The water moccasin attacks as you move away!
The water moccasin barely misses you.
You feel sick.
The water moccasin completely misses you.
You feel sick. The yak gores you!
There is a stone staircase leading down here.
You feel sick. The water moccasin closely misses you. The yak gores you!
The water moccasin misses you.
You climb downwards.
You feel sick.
The orc shouts!
The orc warrior shouts!
The orc wizard shouts!
You hear a shout! x2; The orc priest shouts!
The orc shouts! x2
Found a stone staircase leading down.
There is a stone staircase leading up here.
The yak attacks as you move away! The yak gores you!
The orc priest attacks as you move away!
You block the orc priest's attack.
You feel sick.
The orc priest calls down the wrath of Beogh upon you.
Beogh smites you!
* * * LOW HITPOINT WARNING * * *
The water moccasin attacks as you move away!
The water moccasin bites you.
* * * LOW HITPOINT WARNING * * *
You feel sick.
The water moccasin attacks as you move away!
The water moccasin bites you.
* * * LOW HITPOINT WARNING * * *
You feel sick. The water moccasin barely misses you.
You feel sick.
You are no longer poisoned.
The water moccasin bites you but does no damage.
You feel very mighty all of a sudden. The water moccasin bites you.
* * * LOW HITPOINT WARNING * * *
You are lethally poisoned!
The water moccasin poisons you! You block the water moccasin's attack.
The orc priest looks satisfied for a moment.
It was a potion of degeneration.
There was something very wrong with that liquid.
You feel weakened.
You feel dopey.
You feel clumsy.
You die...

### ... #.# # .
#.# .# ..
#@##.#.#
#S#....#
#Y...#.#
#oo....#
..#######o####.#
#.......o......#
.###...o.#......
#..o..##......
#.....# .....


You could see a yak, a water moccasin, an orc priest, an orc wizard and 3 orcs.

Vanquished Creatures
  Amaemon (D:8)
  An orange demon (D:8)
  An acid dragon (D:7)
  Duvessa (D:5)
  2 water moccasins (D:7)
  An orc warrior (D:7)
  2 ogres
  A centaur (D:5)
  A phantom (D:4)
  2 bullfrogs (D:6)
  A scorpion (D:5)
  Dowan (D:5)
  A jelly (D:7)
  3 orc priests
  5 hounds
  Terence (D:3)
  3 sleepcaps (D:6)
  5 iguanas
  8 orc wizards
  13 gnolls
  5 adders
  2 shadow imps (D:7)
  3 worms
  3 dart slugs
  30 orcs
  10 ball pythons
  9 bats
  4 endoplasms
  6 giant cockroaches
  11 goblins
  8 hobgoblins
  7 jackals (D:4)
  12 kobolds
  7 quokkas
  7 frilled lizards
  6 rats
184 creatures vanquished.

Vanquished Creatures (others)
  34 fungi (D:8)
  44 plants (D:8)
78 creatures vanquished.

Grand Total: 262 creatures vanquished

Notes
Turn   | Place    | Note
-------+----------+-------------------------------------------
     0 | D:1      | Hubris850 the Draconian Earth Elementalist began the quest
                  | for the Orb.
     0 | D:1      | Reached XP level 1. HP: 14/14 MP: 3/3
   229 | D:1      | Reached XP level 2. HP: 20/20 MP: 3/5
   652 | D:1      | Found a faded altar of an unknown god.
   667 | D:1      | Reached XP level 3. HP: 24/26 MP: 2/6
   670 | D:1      | Learned a level 2 spell: Passwall
   674 | D:1      | Learned a level 3 spell: Stone Arrow
  2149 | D:2      | Reached XP level 4. HP: 33/33 MP: 7/7
  2222 | D:3      | Noticed Terence
  2237 | D:3      | Killed Terence
  2356 | D:3      | Identified the ring of Esmetse {rElec rF+}
  2429 | D:3      | Reached skill level 1 in Conjurations
  2490 | D:3      | Reached XP level 5. HP: 21/38 MP: 5/8
  2999 | D:3      | Reached skill level 2 in Conjurations
  3038 | D:3      | Found a hide-covered altar of Uskayaw.
  3393 | D:4      | Reached XP level 6. HP: 39/45 MP: 8/10
  3594 | D:4      | Learned a level 2 spell: Poisonous Vapours
  3603 | D:4      | Found Ylies's Jewellery Shop.
  3873 | D:4      | Found an iron altar of Okawaru.
  4304 | D:5      | Entered Level 5 of the Dungeon
  4461 | D:5      | Your scales start taking on a glossy black colour.
  4461 | D:5      | Reached XP level 7. HP: 46/50 MP: 6/12
  4461 | D:5      | Gained mutation: You are resistant to electric shocks.
                  | (rElec) [Black Draconian growth]
  4496 | D:5      | Reached skill level 3 in Conjurations
  4546 | D:5      | Noticed Duvessa
  4550 | D:5      | Noticed Dowan
  4863 | D:5      | Killed Duvessa
  5039 | D:5      | Killed Dowan
  5134 | D:5      | Reached skill level 4 in Conjurations
  5271 | D:5      | Reached XP level 8. HP: 57/57 MP: 12/14
  5450 | D:5      | Found a staircase to the Ecumenical Temple.
  5460 | Temple   | Entered the Ecumenical Temple
  5506 | Temple   | Became a worshipper of Ashenzari the Shackled
  5819 | D:6      | Found a sparkling altar of Nemelex Xobeh.
  5896 | D:6      | Reached skill level 5 in Spellcasting
  6120 | D:6      | Reached skill level 5 in Conjurations
  6124 | D:6      | Learned a level 3 spell: Mephitic Cloud
  6129 | D:6      | Learned a level 4 spell: Petrify
  6349 | D:7      | Reached skill level 1 in Air Magic
  6361 | D:7      | Reached skill level 1 in Poison Magic
  7251 | D:7      | Found a bloodstained altar of Trog.
  7259 | D:7      | Reached skill level 1 in Shields
  7289 | D:7      | Reached XP level 9. HP: 46/62 MP: 15/17
  7520 | D:8      | Noticed Amaemon
  7520 | D:8      | Noticed an orange demon
  7526 | D:8      | Killed Amaemon
  7527 | D:8      | Reached skill level 6 in Conjurations
  7736 | D:8      | Killed an orange demon
  7968 | D:8      | Noticed Maggie
  7968 | D:8      | Found a staircase to the Lair.
  7974 | D:7      | Reached skill level 7 in Conjurations
  8000 | D:9      | HP: 3/62 [poisoned by a water moccasin]
  8004 | D:9      | HP: 1/62 [water moccasin (3)]
  8005 | D:9      | Succumbed to a water moccasin's poison

Illustrated notes

Levels and vault maps discovered:
D:1:      erik_arrival_triangle_large, layout_basic,
          dreamdust_ecumenical_altar_grove
D:2:      layout_loops_corners, grunt_ministairs_7
D:3:      minmay_wonky_spiral, layout_basic, lemuel_doored_altar, uniq_terence
D:4:      layout_basic, kennysheep_okawaru_gauntlet, nicolae_wooded_promenade,
          grunt_ministairs_13, serial_bayou_pond_d, skrybe_limestone_x
D:5:      layout_basic, temple_fountains, uniq_duvessa
D:6:      layout_basic, overflow_temple_1_default
D:7:      layout_loops_cross, trog_butcher_becter
D:8:      layout_loops_ring, kennysheep_mini, due_lair_maze_entry_diamond,
          uniq_maggie, uniq_amaemon, uniq_grum
D:9:      layout_basic, zin_academy, mainiacjoe_overflow_catch_the_wave,
          uniq_maurice, uniq_joseph
Temple:   nicolae_temple_ecumenical_triangle

Skill      XL: |  1  2  3  4  5  6  7  8  9 |
---------------+----------------------------+-----
Dodging        | 2 3 |  3.5
Stealth        | 2 3 |  3.0
Conjurations   | 1 2 4 5 7 |  7.0
Spellcasting   | 3 4 5 6 |  6.0
Transmutations | 2 3 |  3.0
Earth Magic    | 3 4 |  4.9
Air Magic      | 3 |  3.0
Poison Magic   | 3 |  3.0
Shields        | 1 3 |  3.5

Action                     |  1- 3 |  4- 6 |  7- 9 || total
---------------------------+-------+-------+-------++-------
  Melee: Dagger            |    19 |    81 |    34 ||   134
         Tailslap          |     2 |    15 |    29 ||    46
         Punch             |       |     1 |     2 ||     3
         Short sword       |       |       |   136 ||   136
         Demon whip        |       |       |     8 ||     8
  Throw: Javelin           |       |     8 |     2 ||    10
         Dart              |       |     5 |       ||     5
   Cast: Sandblast         |    79 |   118 |    78 ||   275
         Stone Arrow       |       |     6 |    40 ||    46
         Poisonous Vapours |       |       |    21 ||    21
         Petrify           |       |       |     3 ||     3
 Invoke: Curse Item        |       |       |     1 ||     1
Ability: Breathe Lightning |       |       |     6 ||     6
  Evoke: Wand              |       |       |     1 ||     1
    Use: Potion            |       |     1 |     3 ||     4
   Stab: Sleeping          |       |       |     2 ||     2
         Invisible         |       |       |     1 ||     1
         Petrifying        |       |       |     1 ||     1
 Armour: Skin              |    16 |    58 |   107 ||   181
  Dodge: Dodged            |    25 |   112 |   183 ||   320
  Block: Buckler           |       |       |     6 ||     6

Table legend: (Time is in decaauts)
 A = Elapsed time spent in this place.
 B = Non-inter-level travel time spent in this place.
 C = Inter-level travel time spent in this place.
 D = Time resting spent in this place.
 E = Time spent auto-exploring this place.
 F = Levels seen in this place.
 G = Mean time per level.
                   A        B        C        D        E       F      G
               +--------+--------+--------+--------+--------+-----+--------+
         Total |   8158 |   7950 |    208 |   1489 |   4643 |  10 |  815.8 |
       Dungeon |   8105 |   7897 |    208 |   1489 |   4643 |   9 |  900.6 |
        Temple |     52 |     52 |      0 |      0 |      0 |   1 |   52.0 |
               +--------+--------+--------+--------+--------+-----+--------+

Top non-repeatable levels by time:
     D:7: 1381 daAuts
     D:4: 1321 daAuts
     D:3: 1169 daAuts
     D:2: 1158 daAuts
     D:1: 1091 daAuts
     D:6: 1049 daAuts
     D:5: 849 daAuts
     D:8: 75 daAuts
  Temple: 52 daAuts
     D:9: 8 daAuts
